 Dungeon Crawl Stone Soup version 0.24.0-13-gcf9b3192b9 (webtiles) character file.

Game seed: 17913979467389277222, levelgen mode: deterministic

29962 H0rd4k the Carver (level 13, -15/103 HPs)
             Began as a Human Artificer on Nov 6, 2019.
             Was an Initiate of Gozag.
             Demolished by a six-headed hydra (18 damage)
             ... on level 6 of the Lair of Beasts on Nov 7, 2019.
             The game lasted 00:45:29 (18416 turns).

H0rd4k the Carver (Human Artificer)                Turns: 18416, Time: 00:45:30

Health: -15/103    AC: -2    Str: 17    XL:     13   Next: 85%
Magic:  25/25      EV: 16    Int: 12    God:    Gozag
Gold:   3002       SH:  0    Dex: 14    Spells: 12/12 levels left

rFire    + . .     SeeInvis +   J - +9 scimitar "X" {venom, rN+ SInv}
rCold    + . .     Gourm    .   (no shield)
rNeg     + . .     Faith    .   h - +1 ring mail {rF+}
rPois    +         Spirit   .   (no helmet)
rElec    .         Reflect  .   w - +2 cloak
rCorr    .         Harm     .   L - +1 pair of gloves
MR       .....                  (no boots)
Stlth    +++.......             (no amulet)
HPRegen  0.27/turn              l - ring of poison resistance
MPRegen  0.19/turn              p - ring "Koal" {*Drain rC+ MP+9 Slay+2}

@: corroded, gold aura
A: no striking features
a: Potion Petition, Call Merchant, Bribe Branch, Renounce Religion


You were on level 6 of the Lair of Beasts.
You worshipped Gozag.
Gozag was most pleased with you.
You were not hungry.

You visited 3 branches of the dungeon, and saw 18 of its levels.

You collected 3833 gold pieces.
You spent 780 gold pieces at shops.
You paid 51 gold pieces to Gozag.

Inventory:

Hand Weapons
 J - the +9 scimitar "X" (weapon) {venom, rN+ SInv}
   (You found it on level 9 of the Dungeon)

   It poisons the flesh of those it strikes.
   It protects you from negative energy.
   It lets you see invisible.
 O - a +2 short sword of holy wrath
Missiles
 j - 7 javelins
 k - 41 poisoned darts
 v - 8 atropa-tipped darts (quivered)
Armour
 h - a +1 ring mail of fire resistance (worn)
 w - a +2 cloak (worn)
 E - a +2 robe of magic resistance
 L - a +1 pair of gloves (worn)
Magical Staves
 M - an uncursed staff of fire
 U - an uncursed staff of cold
Jewellery
 l - a ring of poison resistance (left hand)
 p - the ring "Koal" (right hand) {*Drain rC+ MP+9 Slay+2}
   (You acquired it on level 7 of the Dungeon)

   [ring of magical power]

   It affects your accuracy and damage with ranged weapons and melee attacks
   (+2).
   It protects you from cold.
   It affects your magic capacity (+9).
   It causes draining when unequipped.
 q - a +2 ring of strength
 r - an uncursed ring of resist corrosion
 T - an uncursed ring of protection from cold
 W - an uncursed ring of protection from fire
Wands
 c - a wand of flame (9)
 d - a wand of enslavement (18)
 e - a wand of random effects (20)
 y - a wand of polymorph (11)
 F - a wand of paralysis (20)
 G - a wand of scattershot (5)
 V - a wand of acid (4)
 X - a wand of iceblast (7)
 Y - a wand of disintegration (26)
Scrolls
 g - a scroll of noise
 i - 8 scrolls of teleportation
 o - 5 scrolls of identify
 t - a scroll of remove curse
 u - 2 scrolls of blinking
 C - 4 scrolls of magic mapping
 K - a scroll of enchant weapon
 Q - a scroll of fear
 R - a scroll of amnesia
Potions
 b - 3 potions of mutation
 m - a potion of curing
 n - a potion of lignification
 s - 3 potions of magic
 x - a potion of ambrosia
 z - 2 potions of heal wounds
 A - 2 potions of resistance
 B - 2 potions of might
 D - a potion of brilliance
 H - 2 potions of flight
 I - a potion of berserk rage
 P - a potion of haste
Miscellaneous
 a - a lightning rod (4/4)
 N - a crystal ball of energy
 S - a phantom mirror
Comestibles
 f - 10 rations


   Skills:
 + Level 10.0 Fighting
 + Level 9.4(11.7) Short Blades
 + Level 11.4(12.6) Long Blades
 + Level 1.5 Throwing
 + Level 7.8 Armour
 + Level 9.2 Dodging
 + Level 6.7 Stealth
 + Level 5.3 Evocations


You had 12 spell levels left.
You didn't know any spells.
Your spell library contained the following spells:

 Spells                   Type           Power        Failure   Level  Hunger
 Sandblast                Erth           #.....       50%         1    ##.....
 Passwall                 Tmut/Erth      #.......     63%         2    ###....
 Stone Arrow              Conj/Erth      #.....       86%         3    ####...
 Petrify                  Tmut/Erth      #.......     99%         4    #####..
 Lee's Rapid Deconstruct  Erth           #.........   100%        5    ######.


Dungeon Overview and Level Annotations

Branches:
Dungeon (11/15)            Temple (1/1) D:4            Lair (6/6) D:9
 Shoals (0/4) Lair:3       Spider (0/4) Lair:4        Slime (0/5) Lair:6
    Orc (0/2) D:10

Altars:
Ashenzari
Cheibriados
Dithmenos
Elyvilon
Fedhas
Gozag
Hepliaklqana
Kikubaaqudgha
Makhleb
Nemelex Xobeh
Okawaru
Qazlal
Ru
Sif Muna
Trog
Uskayaw
Vehumet
Wu Jian
Xom
Yredelemnul
Zin
The Shining One

Shops:
D:6 %   D:7 ?   D:10 =

Annotations:
D:2 exclusion: upstairs
D:4 exclusion: phantom
D:5 exclusion: downstairs, Grinder
D:6 exclusion: downstairs
D:8 exclusion: 2 downstairs
D:10 exclusion: downstairs
D:11 Maurice
Lair:2 exclusion: downstairs
Lair:3 1 runed translucent door, AlterAsc's ghost, journeyman DrTm
Lair:4 exclusion: downstairs
Lair:6 exclusion: 2 oklob plants


Message History

The komodo dragon hisses angrily.
The dream sheep are wreathed in dream dust.
You feel drowsy...
You fall asleep.
The six-headed hydra roars!
The dream sheep bleats!
You hear a bleat!
The dream sheep bleats!
You hear a bleat!
You hear an angry hiss.
The dream sheep becomes distracted by your gold, dreaming of imaginary riches.
The dream sheep bleats!
A komodo dragon comes into view.
The dream sheep bleats! x2
A dream sheep comes into view.
The dream sheep is no longer distracted by gold.
The komodo dragon closely misses you. The dream sheep closely misses you.
The komodo dragon misses you.
The six-headed hydra closely misses you.
The six-headed hydra bites you!!
You wake up.
* * * LOW HITPOINT WARNING * * *
The six-headed hydra closely misses you. x2
The six-headed hydra bites you!!
You die...
Your body crumbles into a pile of gold.

#..>P..###
............###...#.#
. ...........#
####.##
..##...P......# ##
..............##
...Y.l.......#.#
Y..Y............
Y.....YYY.......
P...Y.Yl@.......
..#..#.D#P.##P..
...........#
.............
..............
.....P..........
..#...PP........
................


You could see a six-headed hydra, 2 komodo dragons and 7 dream sheep.

Vanquished Creatures
  A hydra (Lair:2)
  Urug (D:11)
  3 two-headed ogres
  2 death yaks (D:9)
  Pikel (D:8)
  A manticore (Lair:3)
  8 elephants
  A centaur zombie (D:11)
  2 black mambas
  3 spiny frogs
  A rime drake (Lair:3)
  A komodo dragon (Lair:1)
  A polar bear (Lair:4)
  2 trolls
  3 jumping spiders (Lair:4)
  5 blink frogs (Lair:1)
  7 dream sheep (Lair:4)
  6 hippogriffs
  A meliai zombie (D:10)
  A shadow (D:11)
  Sigmund (D:2)
  A basilisk (Lair:1)
  A wraith (D:10)
  A wyvern (D:9)
  2 hungry ghosts
  32 yaks
  Menkaure (D:5)
  3 water moccasins
  7 porcupines
  6 orc warriors
  2 ice beasts
  2 sky beasts
  4 phantoms
  A necrophage (D:5)
  6 ogres
  4 centaurs
  7 crocodiles
  4 big kobolds
  12 bullfrogs
  2 scorpions
  48 killer bees
  6 howler monkeys
  3 wights (D:11)
  An electric eel (Lair:3)
  2 bullfrog zombies (D:10)
  6 crimson imps
  2 quasits
  8 orc priests
  4 hounds
  5 iguanas
  7 worker ants
  9 orc wizards
  A hell rat (D:9)
  A hound zombie (D:9)
  A worker ant zombie (D:5)
  17 adders
  A river rat (D:9)
  3 shadow imps
  An ooze (D:3)
  2 adder zombies
  2 worms
  2 dart slugs (D:3)
  5 leopard geckos
  30 orcs
  7 bats
  9 giant cockroaches
  13 goblins
  12 hobgoblins
  18 jackals
  6 quokkas
  A ball python (D:3)
  5 frilled lizards
  22 kobolds
  A quokka skeleton (D:4)
  5 rats
  A plant (Lair:1)
417 creatures vanquished.

Vanquished Creatures (collateral kills)
  A death yak (D:9)
  4 orcs
5 creatures vanquished.

Vanquished Creatures (others)
  A two-headed ogre (D:9)
  A spiny frog (Lair:6)
  A bullfrog (D:9)
  A wyvern skeleton (D:8)
  An orc priest (D:5)
  An orc wizard (D:5)
  An orc (D:9)
  7 fungi
  A plant (Lair:2)
15 creatures vanquished.

Grand Total: 437 creatures vanquished

Notes
Turn   | Place    | Note
-------+----------+-------------------------------------------
     0 | D:1      | H0rd4k the Human Artificer began the quest for the Orb.
     0 | D:1      | Reached XP level 1. HP: 15/15 MP: 3/3
    94 | D:1      | Reached XP level 2. HP: 15/21 MP: 4/4
   271 | D:1      | Reached XP level 3. HP: 8/26 MP: 5/5
  1078 | D:2      | HP: 1/26 [worm (9)]
  1080 | D:2      | Reached XP level 4. HP: 1/32 MP: 6/6
  1406 | D:1      | Reached skill level 1 in Armour
  1645 | D:2      | Noticed Sigmund
  1648 | D:2      | Killed Sigmund
  1648 | D:2      | Reached XP level 5. HP: 38/38 MP: 7/7
  1648 | D:2      | Reached XP level 6. HP: 44/44 MP: 8/8
  3192 | D:4      | Found a staircase to the Ecumenical Temple.
  3358 | D:4      | Reached XP level 7. HP: 42/51 MP: 10/10
  3846 | Temple   | Entered the Ecumenical Temple
  4010 | Temple   | Became a worshipper of Gozag Ym Sagoz the Greedy
  4067 | D:5      | Entered Level 5 of the Dungeon
  4320 | D:5      | Noticed Menkaure
  4328 | D:5      | Killed Menkaure
  4328 | D:5      | Reached XP level 8. HP: 53/58 MP: 11/11
  4595 | D:5      | Reached skill level 5 in Short Blades
  4862 | D:5      | Noticed Grinder
  5235 | D:6      | Found Bocvil's Food Boutique.
  5649 | D:6      | HP: 2/60 [orc warrior/+0 trident (17)]
  6249 | D:6      | Reached XP level 9. HP: 51/65 MP: 12/12
  6276 | D:6      | Reached skill level 5 in Dodging
  6483 | D:5      | Reached skill level 1 in Throwing
  7016 | D:7      | Reached skill level 5 in Fighting
  7416 | D:7      | Found Waovafil's Magic Scroll Emporium.
  7569 | D:7      | Found an iron altar of Okawaru.
  7569 | D:7      | Found a bloodstained altar of Trog.
  7779 | D:8      | Found a blossoming altar of Fedhas.
  7924 | D:8      | Noticed a two-headed ogre
  7925 | D:8      | Found a shadowy altar of Dithmenos.
  7943 | D:8      | Killed a two-headed ogre
  7943 | D:8      | Reached XP level 10. HP: 67/75 MP: 13/13
  8268 | D:7      | Reached skill level 5 in Armour
  8587 | D:8      | You fall into a shaft and drop 1 floor!
  8587 | D:9      | Found a staircase to the Lair.
  8588 | D:9      | Noticed a death yak
  8589 | D:9      | Noticed a death yak
  8666 | D:8      | Noticed Pikel
  8682 | D:8      | Killed Pikel
  9595 | D:9      | Noticed a death yak
  9658 | D:9      | Got a slimy scimitar
  9659 | D:9      | Identified the +9 scimitar "X" {venom, rN+ SInv} (You found
                  | it on level 9 of the Dungeon)
  9702 | D:9      | Noticed a two-headed ogre
  9710 | D:9      | Killed a death yak
  9721 | D:9      | Killed a death yak
  9721 | D:9      | Reached XP level 11. HP: 44/83 MP: 14/14
 10369 | D:9      | Killed a death yak
 10369 | D:9      | Reached skill level 1 in Long Blades
 10369 | D:9      | Reached skill level 5 in Stealth
 10369 | D:9      | Reached skill level 5 in Evocations
 10683 | D:9      | Reached skill level 2 in Long Blades
 10854 | D:7      | Bought a scroll of acquirement for 780 gold pieces
 10858 | D:7      | Got a pitted pewter ring
 10860 | D:7      | Identified the ring "Koal" {*Drain rC+ MP+9 Slay+2} (You
                  | acquired it on level 7 of the Dungeon)
 10941 | D:10     | Entered Level 10 of the Dungeon
 11074 | D:10     | Reached skill level 3 in Long Blades
 11345 | D:10     | Found Wiemed's Jewellery Boutique.
 11415 | D:10     | Reached skill level 4 in Long Blades
 11771 | D:10     | Found a staircase to the Orcish Mines.
 12014 | D:11     | Noticed a two-headed ogre
 12024 | D:11     | Killed a two-headed ogre
 12024 | D:11     | Reached skill level 5 in Long Blades
 12062 | D:11     | Noticed Urug
 12077 | D:11     | Killed Urug
 12403 | D:11     | Noticed a cyan ugly thing
 12445 | D:11     | Found a snail-covered altar of Cheibriados.
 12461 | D:11     | Found a bloodstained altar of Trog.
 12461 | D:11     | Found a shimmering altar of Xom.
 12464 | D:11     | Found a glowing golden altar of the Shining One.
 12464 | D:11     | Found a shimmering altar of Xom.
 12464 | D:11     | Found a glowing golden altar of the Shining One.
 12515 | D:11     | Reached skill level 6 in Long Blades
 12519 | D:11     | Reached XP level 12. HP: 88/91 MP: 15/15
 12596 | D:11     | Noticed Maurice
 12605 | D:11     | Noticed a two-headed ogre
 12613 | D:11     | Killed a two-headed ogre
 12834 | Lair:1   | Entered Level 1 of the Lair of Beasts
 13023 | Lair:1   | Reached skill level 7 in Long Blades
 13116 | Lair:1   | Reached skill level 8 in Long Blades
 14024 | Lair:2   | Reached skill level 9 in Long Blades
 14205 | Lair:2   | Noticed a five-headed hydra
 14234 | Lair:2   | Killed a six-headed hydra
 14915 | Lair:3   | Reached XP level 13. HP: 100/100 MP: 16/16
 14935 | Lair:3   | Found a staircase to the Shoals.
 14966 | Lair:3   | Found a runed translucent door.
 15015 | Lair:3   | Found a shimmering altar of Xom.
 15015 | Lair:3   | Noticed AlterAsc's ghost (journeyman DrTm)
 15354 | Lair:3   | Reached skill level 10 in Long Blades
 17041 | Lair:4   | Reached skill level 11 in Long Blades
 17073 | Lair:4   | Found a hole to the Spider Nest.
 17830 | Lair:4   | Reached skill level 10 in Fighting
 18365 | Lair:5   | Found a stormy altar of Qazlal.
 18400 | Lair:5   | You fall into a shaft and drop 1 floor!
 18400 | Lair:6   | Entered Level 6 of the Lair of Beasts
 18400 | Lair:6   | Found a staircase to the Slime Pits.
 18407 | Lair:6   | HP: 3/102 [acid (15)]
 18409 | Lair:6   | Noticed a six-headed hydra
 18416 | Lair:6   | HP: 3/103 [six-headed hydra (20)]
 18416 | Lair:6   | Demolished by a six-headed hydra

Levels and vault maps discovered:
D:1:      sevenhm_arrival_forest_fort_small_3, layout_basic
D:2:      layout_basic, first_ration, uniq_sigmund
D:3:      layout_loops_ring
D:4:      layout_loops_ring, minmay_temple_entry_mini_moons, minmay_quantized
D:5:      layout_loops_ring, saegor_snake_ambush, uniq_menkaure, uniq_grinder
D:6:      layout_cave_pools, serial_shops, nicolae_shop_stone
D:7:      layout_rooms, grunt_temple_overflow_bloody_war, serial_shops,
          nicolae_shop_behind_doors
D:8:      layout_loops_cross, overflow_temple_1_default, lemuel_crystal_altar,
          uniq_pikel
D:9:      layout_rooms, dpeg_lair_monsters
D:10:     layout_loops_ring, david_orc_4, serial_shops, kennysheep_mini_moat,
          grunt_ogre_cave
D:11:     layout_loops_cross, special_room [special_room_orc],
          doesnt_xom_only_xom, uniq_urug, uniq_maurice
Temple:   dpeg_five_rooms_temple
Lair:1:   layout_loops_ring, hibernation_bobbens
Lair:2:   layout_regular_city
Lair:3:   wad_woods_minihive, layout_gridlike, minmay_shoals_entry_beasts,
          ebering_ghost_xom
Lair:4:   layout_cave_pods, spider_nest_entry_funnel_web
Lair:5:   layout_roguey [special_room_mythical_zoo], basic_altar,
          beast_lair_carwin_10, grunt_megastairs_3, minmay_lair_oklob_chamber
Lair:6:   minmay_lair_end_enchanted_forest, layout_long_grid,
          minmay_slime_entry_oklob_enclosed

Skill      XL: |  1  2  3  4  5  6  7  8  9 10 11 12 13 |
---------------+----------------------------------------+-----
Armour         | 2 3 4 5 6 7 |  7.8
Fighting       | 2 3 4 5 7 9 10 | 10.0
Short Blades   | 2 3 4 6 7 9 |  9.4
Dodging        | 3 4 6 7 8 9 |  9.2
Evocations     | 4 5 |  5.3
Stealth        | 2 4 5 6 |  6.7
Throwing       | 1 |  1.5
Long Blades    | 6 9 11 | 11.4

Action                   |  1- 3 |  4- 6 |  7- 9 | 10-12 | 13-15 || total
-------------------------+-------+-------+-------+-------+-------++-------
Melee: Short sword       |   167 |   119 |       |       |       ||   286
       Dagger            |       |    15 |   557 |   297 |       ||   869
       Scimitar          |       |       |       |   343 |   260 ||   603
Throw: Dart              |       |       |     5 |    12 |     1 ||    18
Evoke: Wand              |       |    17 |    14 |    17 |     2 ||    50
  Use: Scroll            |       |       |    14 |    13 |     6 ||    33
       Potion            |       |       |     1 |     1 |     1 ||     3
 Stab: Sleeping          |     1 |     2 |     2 |     9 |       ||    14
       Invisible         |       |       |     1 |     2 |     1 ||     4
       Distracted        |       |       |     1 |     6 |     3 ||    10
  Eat: Chunk             |     1 |     6 |     3 |       |       ||    10
       Ration            |       |       |     4 |     8 |     3 ||    15
Armor: Leather armour    |    38 |    17 |   104 |    11 |       ||   170
       Ring mail         |       |       |       |   131 |   100 ||   231
Dodge: Dodged            |   120 |    80 |   295 |   364 |   238 ||  1097
       Rpst.: Scimitar   |       |       |       |    62 |    59 ||   121
